 Dungeon Crawl Stone Soup version 0.30-a0-862-g1aabd4f9c5 (webtiles) character file.

Game seed: 10512489868736563660

2156 Firecrotchwizard the Fighter (level 9, 0/71 HPs)
             Began as a Djinni Fire Elementalist on Mar 10, 2023.
             Was an Initiate of Makhleb.
             Slain by a water moccasin (5 damage)
             ... on level 7 of the Dungeon.
             The game lasted 00:14:58 (7243 turns).

Firecrotchwizard the Fighter (DjFE)                 Turns: 7243, Time: 00:14:59

Health: 0/71       AC:  3    Str:  7    XL:     9   Next: 57%
Gold:   501        EV: 12    Int: 20    God:    Makhleb [......] SH:  0 Dex: 15

rFire   + + .      SeeInvis .    c - +6 demon trident (spect)
rCold   x . .      Faith    .    (no shield)
rNeg    + . .      Spirit   .    (no body armour)
rPois   ∞          Reflect  .    r - +0 helmet
rElec   .          Rampage  .    f - +1 cloak
rCorr   .                        (no gloves)
Will    +....                    (boots unavailable)
Stlth   ++                       (no amulet)
HPRegen 0.31/turn                W - ring of willpower
MPRegen 0.00/turn                N - ring of positive energy {rN+}

@: flying, very slightly contaminated
A: sickness immunity, fire resistance 2, cold vulnerability 1, float, innate
caster, HP casting, extra vitality 1
a: Renounce Religion


You were on level 7 of the Dungeon.
You worshipped Makhleb.
Makhleb was noncommittal.
You visited 2 branches of the dungeon, and saw 10 of its levels.

You collected 501 gold pieces.

Inventory:

Hand Weapons
 b - a +0 whip
   (You took it off a kobold on level 1 of the Dungeon)
 c - a +6 spectral demon trident (weapon)
   (You acquired it on level 3 of the Dungeon)
 g - a +0 dagger of venom
   (You found it on level 1 of the Dungeon)
 k - a +2 hand axe of electrocution
   (You found it on level 1 of the Dungeon)
Missiles
 q - 5 datura-tipped darts
 s - 6 stones (quivered)
 v - 26 poisoned darts
Armour
 a - a +0 robe
 f - a +1 cloak (worn)
   (You found it on level 1 of the Dungeon)
 o - a +1 robe of positive energy
   (You found it on level 2 of the Dungeon)
 p - a +2 robe of resistance
   (You took it off Blork the orc on level 6 of the Dungeon)
 r - a +0 helmet (worn)
   (You took it off Robin on level 2 of the Dungeon)
 w - a +1 cloak
   (You found it on level 7 of the Dungeon)
Magical Staves
 j - a staff of cold {rC+}
   (You found it on level 3 of the Dungeon)
Jewellery
 N - a ring of positive energy (right hand) {rN+}
   (You found it on level 1 of the Dungeon)
 W - a ring of willpower (left hand)
   (You found it on level 9 of the Dungeon)
Wands
 d - a wand of digging (6)
   (You found it on level 3 of the Dungeon)
 t - a wand of roots (15)
   (You found it on level 6 of the Dungeon)
Scrolls
 u - a scroll of brand weapon
 x - 2 scrolls of identify {@r1}
 E - 2 scrolls of fear
 Y - a scroll of teleportation {@r3}
Potions
 e - a potion of cancellation {unknown}
 h - 2 potions of heal wounds {unknown}
 i - a potion of haste {unknown}
 l - 2 potions of might {unknown}
 m - a potion of flight {unknown}
 n - 3 potions of lignification {unknown}
 B - 4 potions of brilliance
 J - 4 potions of curing {@q1}
 U - 2 potions of mutation {!q}


   Skills:
 + Level 8.4 Fighting
 - Level 2.1 Dodging
 - Level 1.5 Stealth
 + Level 7.0 Spellcasting


You knew the following spells:

 Your Spells              Type           Power      Damage    Failure   Level
a - Foxfire               Conj/Fire      100%       2x1d9     1%          1
b - Scorch                Fire           70%        2d9       1%          2
c - Kindle Blastsparks    Fire/Tloc/Air  70%        2d15      1%          3
d - Inner Flame           Hex/Fire       35%        N/A       1%          3
e - Flame Wave            Conj/Fire      35%        2d10      5%          4
f - Static Discharge      Conj/Air       70%        2-5/arc   1%          2
g - Lesser Beckoning      Tloc           70%        N/A       1%          2
h - Hailstorm             Conj/Ice       35%        3d9       1%          3
s - Slow                  Hex            100%       N/A       1%          1
Your spell library was empty.

Dungeon Overview and Level Annotations

Branches:
Dungeon (9/15)             Temple (1/1) D:6
   Lair: D:8-11         Orc: D:9-12

Altars:
Ashenzari
Cheibriados
Fedhas
Hepliaklqana
Makhleb
Nemelex Xobeh
Okawaru
Qazlal
Ru
Trog
Wu Jian
Xom
Yredelemnul

Shops:
D:5 =

Annotations:
D:7 exclusions: hound, killer bee and kobold
D:8 Gastronok
D:9 exclusions: killer bee and orange demon


Innate Abilities, Weirdness & Mutations

You are immune to sickness and miasma.
You are immune to poison.
Your flesh is very heat resistant. (rF++)
You are vulnerable to cold. (rC-)
You float through the air rather than walking.
You learn spells naturally, not from books.
Your magical power is your life essence.
You have superior vitality. (+4 MHP)


Message History

Health restored: 70 You conjure some foxfire!
You take 1 damage, and have 69/70 hp.
Flames lash the sleepcap.
The sleepcap's fire resistance burns away.
The foxfire hits the sleepcap!
The sleepcap is burned terribly!
The foxfire hits the sleepcap but does no damage.
You take 2 damage, and have 67/70 hp.
You conjure some foxfire!
The foxfire hits the sleepcap but does no damage.
You hit the sleepcap.
The foxfire hits the sleepcap.
The sleepcap is burned terribly!
You destroy the sleepcap!
Makhleb accepts your kill.
You see here a book of the Senses.
You see here a +0 spear.
x - 2 scrolls of identify {@r1} (gained 1)
U - 2 potions of mutation {!q} (gained 1) 4 wights come into view.
The wight moves out of view.
You see here 8 gold pieces.
Health restored: 70 You conjure some foxfire!
You conjure some foxfire!
The foxfire hits the wight but does no damage. x2
You take 1 damage, and have 69/70 hp.
Flames lash the wight.
The wight's fire resistance burns away.
You hear an angry hiss.
The foxfire hits the wight but does no damage.
The foxfire hits the wight!
The wight is burned terribly!
You destroy the wight!
Makhleb accepts your kill.
A wight comes into view. It is wielding a +0 war axe.
You take 2 damage, and have 67/70 hp.
You conjure some foxfire!
The foxfire hits the wight.
You take 1 damage, and have 66/70 hp.
Flames lash the wight.
The wight's fire resistance burns away.
You hear an angry hiss.
The foxfire hits the wight.
You take 1 damage, and have 65/70 hp.
You conjure some foxfire!
The wight closely misses you.
You take 1 damage, and have 64/70 hp.
Flames lash the wight.
The wight's fire resistance burns away.
The foxfire hits the wight.
The wight is burned terribly!
You destroy the wight!
Makhleb accepts your kill.
The foxfire hits the wight but does no damage.
The wight barely misses you.
You take 1 damage, and have 63/71 hp.
You conjure some foxfire!
The wight hits you with a +0 war axe!
The wight hits your foxfire with a +0 war axe!
You hear an angry hiss.
You take 16 damage, and have 47/71 hp.
MASSIVE DAMAGE!!
Flames lash the wight.
The wight is burned terribly!
You destroy the wight!
Makhleb accepts your kill.
The foxfire hits the wight but does no damage. x2
A water moccasin comes into view.
The wight hits you with a +0 war axe!
You take 10 damage, and have 37/71 hp.
You don't know that spell.
You conjure some foxfire!
The wight hits you with a +0 war axe.
The wight hits your foxfire with a +0 war axe!
You take 7 damage, and have 30/71 hp.
Flames lash the wight.
The wight's fire resistance burns away.
The foxfire hits the wight but does no damage.
The foxfire hits the water moccasin.
The water moccasin bites you. The wight closely misses you.
You take 7 damage, and have 23/71 hp.
You conjure some foxfire!
The water moccasin bites you.
* * * LOW HITPOINT WARNING * * *
The wight hits you with a +0 war axe.
* * * LOW HITPOINT WARNING * * *
The wight hits your foxfire with a +0 war axe. x2
You take 3 damage, and have 20/71 hp.
You puncture the water moccasin!
Your +6 spectral demon trident hits the water moccasin from afar.
The foxfire hits the wight.
The wight is burned terribly!
The foxfire hits the wight.
The wight is burned terribly!
You destroy the wight!
Makhleb accepts your kill. The water moccasin barely misses you.
The water moccasin bites you but does no damage.
Your Spellcasting skill increases to level 7!
You miscast Foxfire.
You are very lightly contaminated with residual magic.
Nothing appears to happen.
* * * LOW HITPOINT WARNING * * *
The water moccasin bites you but does no damage.
The wight hits you with a +2 hand axe!
* * * LOW HITPOINT WARNING * * *
The water moccasin barely misses you.
You take 7 damage, and have 13/71 hp.
Flames lash the wight.
The wight's fire resistance burns away.
* * * LOW HITPOINT WARNING * * *
The wight hits you with a +2 hand axe.
* * * LOW HITPOINT WARNING * * *
The water moccasin bites you.
You die...

+h.........................#
###################..#####.#
..................
########.#######.# ####....#
#.. #....###### ###
###................
##§.)###############
#..@).....$..#
?......Sz######.##
#####...:# .# ........ ..
.###...... ..# ..#≈#.......


zz. #.###.#...... z.## .............. ..# You could see a water moccasin and a
wight (combustible).

Vanquished Creatures
  Sigmund (D:5)
  Menkaure (D:6)
  An ice beast (D:5)
  2 black bears
  3 centaurs
  A phantom (D:4)
  A kobold brigand (D:8)
  Blork the orc (D:6)
  A gnoll sergeant (D:5)
  3 scorpions
  8 wights
  A hound (D:4)
  A jelly (D:6)
  An orc priest (D:5)
  A sleepcap (D:7)
  4 iguanas
  Natasha (twice) (D:2)
  Robin (D:2)
  3 gnolls (D:5)
  9 adders
  A shadow imp (D:6)
  A white imp (D:5)
  A worm (D:2)
  A dart slug (D:4)
  11 orcs
  6 endoplasms
  2 giant cockroaches
  12 goblins
  9 hobgoblins
  4 jackals (D:2)
  11 kobolds
  2 quokkas
  8 ball pythons
  2 bats (D:2)
  3 frilled lizards
  11 rats
131 creatures vanquished.

Vanquished Creatures (others)
  325 foxfires
  5 plants (D:3)
330 creatures vanquished.

Grand Total: 461 creatures vanquished

Notes
Turn   | Place    | Note
-------+----------+-------------------------------------------
     0 | D:1      | Firecrotchwizard the Djinni Fire Elementalist began the
                  | quest for the Orb.
     0 | D:1      | Firecrotchwizard set off with the following spells
                  | memorised: Foxfire, Scorch, Kindle Blastsparks, Inner
                  | Flame, Flame Wave.
     0 | D:1      | Reached XP level 1. HP: 15/15 MP: 0/0
    50 | D:1      | Found a faded altar of an unknown god.
   212 | D:1      | Reached XP level 2. HP: 19/22 MP: 0/0
   240 | D:1      | Reached skill level 1 in Fighting
  1404 | D:2      | Noticed Natasha
  1407 | D:2      | Reached XP level 3. HP: 26/27 MP: 0/0
  1407 | D:2      | Learned a level 1 spell: Slow
  1410 | D:2      | Killed Natasha
  1411 | D:2      | Reached skill level 2 in Fighting
  1411 | D:2      | Reached skill level 3 in Spellcasting
  1548 | D:2      | Noticed Natasha
  1553 | D:2      | Killed Natasha
  1554 | D:2      | Reached XP level 4. HP: 33/34 MP: 0/0
  2022 | D:2      | Noticed Robin
  2324 | D:2      | Reached XP level 5. HP: 39/40 MP: 0/0
  2324 | D:2      | Learned a level 2 spell: Static Discharge
  2440 | D:2      | Killed Robin
  2446 | D:2      | Reached skill level 3 in Fighting
  2593 | D:3      | Identified a scroll of acquirement
  2593 | D:3      | Acquired a +3 demon trident of venom
  2612 | D:3      | Found a basalt altar of Yredelemnul.
  2688 | D:3      | Found a sacrificial altar of Ru.
  2704 | D:3      | Found a broken altar of Ashenzari.
  2705 | D:3      | Found an iron altar of Okawaru.
  2705 | D:3      | Found a bloodstained altar of Trog.
  2991 | D:3      | Found a hazy altar of Hepliaklqana.
  3690 | D:4      | Reached XP level 6. HP: 47/47 MP: 0/0
  3818 | D:4      | Reached skill level 4 in Fighting
  3818 | D:4      | Reached skill level 4 in Spellcasting
  4181 | D:4      | Reached XP level 7. HP: 53/53 MP: 0/0
  4181 | D:4      | Learned a level 2 spell: Lesser Beckoning
  4250 | D:4      | Reached skill level 5 in Fighting
  4473 | D:5      | Entered Level 5 of the Dungeon
  4611 | D:5      | Reached skill level 5 in Spellcasting
  4617 | D:5      | Reached XP level 8. HP: 57/60 MP: 0/0
  4708 | D:5      | Found Untitimaxt's Jewellery Boutique.
  4720 | D:5      | Reached skill level 6 in Fighting
  5386 | D:5      | Noticed Sigmund
  5392 | D:5      | Killed Sigmund
  5582 | D:6      | Found a staircase to the Ecumenical Temple.
  5789 | Temple   | Entered the Ecumenical Temple
  5907 | D:6      | Noticed Menkaure
  5918 | D:6      | Killed Menkaure
  5919 | D:6      | Reached skill level 7 in Fighting
  5919 | D:6      | Reached skill level 6 in Spellcasting
  5982 | D:6      | Reached XP level 9. HP: 64/68 MP: 0/0
  5982 | D:6      | Learned a level 3 spell: Hailstorm
  6010 | D:6      | Noticed Blork the orc
  6019 | D:6      | Killed Blork the orc
  6085 | D:6      | Identified the +7 war axe of World's End {spect, rC+}
  6240 | D:6      | You are sucked into a shaft and drop 3 floors!
  6266 | D:9      | Noticed an orange demon
  6367 | D:9      | Found a stormy altar of Qazlal.
  6535 | D:9      | Found a burning altar of Makhleb.
  6541 | D:9      | Became a worshipper of Makhleb the Destroyer
  6575 | D:9      | Reached skill level 8 in Fighting
  7044 | D:8      | Noticed Gastronok
  7242 | D:7      | Reached skill level 7 in Spellcasting
  7242 | D:7      | HP: 13/71 [wight/+2 hand axe (7)]
  7243 | D:7      | HP: 5/71 [wight/+2 hand axe (6)]
  7243 | D:7      | Slain by a water moccasin

Illustrated notes

Levels and vault maps discovered:
D:1:      mrwooster_arrival_arrow, layout_loops_corners, serial_rivers,
          chequers_serial_rivers_large_a, chequers_serial_rivers_room_b,
          chequers_serial_rivers_large_b, chequers_serial_rivers_marsh,
          chequers_serial_rivers_small_3, chequers_serial_rivers_micro_c,
          shapermc_ecumenical_altar_starsandcircs, roderic_lattice_a
D:2:      layout_loops_corners, uniq_natasha, uniq_robin
D:3:      layout_loops_ring, nicolae_overflow_crystal_walls,
          nicolae_hepliaklqana_hazy_memory,
          chequers_temple_overflow_statue_of_worship
D:4:      layout_loops_corners, minmay_unequal
D:5:      layout_loops_ring, serial_shops, shop_fountains, uniq_sigmund
D:6:      layout_basic, nicolae_overflow_squiral,
          minmay_temple_entry_statues_pillars, uniq_menkaure,
          uniq_blork_the_orc, uniq_crazy_yiuf_cottage
D:7:      layout_basic, feat_on_display
D:8:      layout_loops_ring, kennysheep_mini, nicolae_elyvilon_temple_path,
          nicolae_concentric_dashed_squares_wild, uniq_gastronok
D:9:      layout_irregular_city, mainiacjoe_overflow_24_doors,
          old_standard_altar, uniq_amaemon
Temple:   hellmonk_temple_beads

Skill      XL: |  1  2  3  4  5  6  7  8  9 |
---------------+----------------------------+-----
Fighting       | 1 2 3 4 5 7 8 |  8.4
Spellcasting   | 3 4 5 6 7 |  7.0
Dodging        | |  2.1
Stealth        | |  1.5

Action                     |  1- 3 |  4- 6 |  7- 9 || total
---------------------------+-------+-------+-------++-------
  Melee: Whip              |     1 |       |       ||     1
         Hand axe          |     2 |    13 |       ||    15
         Demon trident     |       |    57 |    60 ||   117
         Punch             |       |     1 |     2 ||     3
  Throw: Stone             |       |    22 |     7 ||    29
   Cast: Foxfire           |    47 |    76 |    75 ||   198
         Scorch            |     1 |     1 |    16 ||    18
         Flame Wave        |       |       |     1 ||     1
    Use: Scroll            |       |    14 |     6 ||    20
   Stab: Sleeping          |       |       |     3 ||     3
 Armour: Robe              |     1 |    25 |    14 ||    40
         Skin              |       |       |     5 ||     5
  Dodge: Dodged            |     2 |    63 |    45 ||   110

Table legend: (Time is in decaauts)
 A = Elapsed time spent in this place.
 B = Non-inter-level travel time spent in this place.
 C = Inter-level travel time spent in this place.
 D = Time resting spent in this place.
 E = Time spent auto-exploring this place.
 F = Levels seen in this place.
 G = Mean time per level.
                   A        B        C        D        E       F      G
               +--------+--------+--------+--------+--------+-----+--------+
         Total |   7334 |   6936 |    398 |    923 |   5042 |  10 |  733.4 |
       Dungeon |   7230 |   6844 |    386 |    923 |   4956 |   9 |  803.3 |
        Temple |    104 |     93 |     11 |      0 |     86 |   1 |  104.0 |
               +--------+--------+--------+--------+--------+-----+--------+

Top non-repeatable levels by time:
     D:2: 1536 daAuts
     D:4: 1168 daAuts
     D:5: 1134 daAuts
     D:1: 1107 daAuts
     D:3: 852 daAuts
     D:9: 627 daAuts
     D:6: 427 daAuts
     D:7: 195 daAuts
     D:8: 180 daAuts
  Temple: 104 daAuts

Table legend:
 A = Kills in this place as a percentage of kills in the entire game.
 B = Kills by you in this place as a percentage of kills by you in the entire game.
 C = Kills by friends in this place as a percentage of kills by friends in the entire game.
 D = Other kills in this place as a percentage of other kills in the entire game.
 E = Experience gained in this place as a percentage of experience gained in the entire game.
 F = Experience gained in this place divided by the number of levels of this place that you have seen.
                   A       B       C       D       E      F
               +-------+-------+-------+-------+-------+----------------------
         Total | 100.0 | 100.0 |   N/A |   N/A | 100.0 | 308.0
       Dungeon | 100.0 | 100.0 |   N/A |   N/A | 100.0 | 342.2
               +-------+-------+-------+-------+-------+----------------------
